 Dungeon Crawl Stone Soup version 0.21.1 (webtiles) character file.

235 FreshCat the Chiller (level 6, 0/43 HPs)
             Began as a Barachi Ice Elementalist on Feb 3, 2018.
             Slain by Grinder (3 damage)
             ... while paralysed by Grinder
             ... on level 3 of the Dungeon.
             The game lasted 00:25:21 (3517 turns).

FreshCat the Chiller (Barachi Ice Elementalist)     Turns: 3517, Time: 00:25:22

Health: 0/43       AC:  7    Str: 11 (12) XL:     6   Next: 5%
Magic:  9/10       EV:  2    Int: 13 (15) God:
Gold:   246        SH:  0    Dex:  9 (12) Spells: 4/10 levels left

rFire    . . .     SeeInvis .   w - +3 falchion (holy)
rCold    . . .     Gourm    .   (no shield)
rNeg     . . .     Faith    .   x - +0 leather armour
rPois    .         Spirit   .   m - +0 helmet
rElec    .         Reflect  .   (no cloak)
rCorr    .         Harm     .   z - +0 pair of gloves
MR       .....                  o - +1 pair of boots
Stlth    +.........             (no amulet)
HPRegen  0.14/turn              (no ring)
MPRegen  0.12/turn              (no ring)

@: paralysed, berserk cooldown, very slightly contaminated, slowed, invisible,
slow
A: +LOS, swims, slowness 1, strong legs 1
a: Hop


You were on level 3 of the Dungeon.
You were hungry.

You visited 1 branch of the dungeon, and saw 4 of its levels.

You collected 246 gold pieces.

Inventory:

Hand Weapons
 q - a +0 dagger of venom
 w - a +3 falchion of holy wrath (weapon)
Missiles
 a - 91 stones (quivered)
 f - 23 bolts
 l - 80 arrows
 p - 11 poisoned needles
 F - 18 sling bullets
Armour
 m - a +0 helmet (worn)
 o - a +1 pair of boots (worn)
 x - a +0 leather armour (worn)
 z - a +0 pair of gloves (worn)
Scrolls
 d - a scroll of amnesia
 e - a scroll of teleportation
 g - 3 scrolls of remove curse
 r - a scroll of fog {unknown}
 s - a scroll of fear {unknown}
 u - a scroll of blinking
 v - a scroll of magic mapping {unknown}
 y - a scroll of identify
 A - a scroll of enchant weapon {unknown}
Potions
 h - a potion of flight
 t - a potion of resistance {unknown}
 C - a potion of mutation {unknown}
 D - a potion of haste {unknown}
Books
 b - a book of Frost

   Spells                             Type                      Level
   a - Freeze                         Ice                          1
   b - Throw Frost                    Conjuration/Ice              2
   c - Ozocubu's Armour               Charms/Ice                   3
   d - Throw Icicle                   Conjuration/Ice              4
   e - Summon Ice Beast               Ice/Summoning                4
Comestibles
 c - 4 rations
 B - a chunk of flesh


   Skills:
 + Level 1.0 Fighting
 - Level 2.7(3.4) Short Blades
 + Level 3.3(3.9) Long Blades
 * Level 1.0 Throwing
 + Level 0.1 Armour
 + Level 2.6 Dodging
 + Level 2.0 Stealth
 + Level 2.9 Spellcasting
 + Level 1.1 Conjurations
 + Level 4.7 Ice Magic


You had 4 spell levels left.
You knew the following spells:

 Your Spells              Type           Power        Failure   Level  Hunger
a - Freeze                Ice            ##..         4%          1    #......
b - Throw Frost           Conj/Ice       #.....       14%         2    ###....
c - Ozocubu's Armour      Chrm/Ice       #.......     34%         3    ###....


Dungeon Overview and Level Annotations

Branches:
Dungeon (4/15)
 Temple: D:4-7

Altars:
Elyvilon

Annotations:
D:3 Grinder


Innate Abilities, Weirdness & Mutations

Shadows flee at your approach. (+LOS)
You can swim through water.
You cover ground slowly.
You can hop short distances.


Message History

You shrug off the repeated paralysis!
You can move again.
It was a potion of invisibility.
You fade into invisibility!
Grinder says, "I used to sell toenails on the black market."
You are very lightly contaminated with residual magic.
It was a potion of degeneration.
There was something very wrong with that liquid.
You feel weakened.
You feel dopey.
You feel clumsy. Grinder says, "Are you a fish?" Grinder gestures at you.
You suddenly lose the ability to move!
Grinder gestures at you.
You shrug off the repeated paralysis!
Grinder gestures at you.
You shrug off the repeated paralysis!
Grinder hits you!
* * * LOW HITPOINT WARNING * * *
You writhe in agony.
You die...

......................##..#
#########################.####
###### #...)# #####....# ####.#
# ##.....##'## #.# #
#..#####.))## #.#### #### ##.##
#..†..# #...##
...####..####.#...#.##
..#####.##
##........##.8.8@8.8.#
#........#
######.#.#...?..5....########...
#..#.+.....%.....+.......... ##
#..####...........#<..#####.#
.###..# ####.8.8.8.8.##...# #..
.....###. ##.#...#.##....#####.#
....# ... ##.....##.......#...#
....##.# #...# #.......#.#.#
....#..# ##+## #.........#..


You could see Grinder.

Vanquished Creatures
  2 orc wizards
  Jessica (D:3)
  A worker ant (D:3)
  5 adders
  3 worms
  2 dart slugs (D:2)
  2 leopard geckos
  10 orcs
  5 bats
  3 giant cockroaches
  8 hobgoblins
  A ball python (D:1)
  4 frilled lizards
  8 goblins
  5 kobolds
  6 rats
66 creatures vanquished.

Vanquished Creatures (others)
  5 toadstools (D:1)
5 creatures vanquished.

Grand Total: 71 creatures vanquished

Notes
Turn   | Place    | Note
-------+----------+-------------------------------------------
     0 | D:1      | FreshCat the Barachi Ice Elementalist began the quest for the Orb.
     0 | D:1      | Reached XP level 1. HP: 13/13 MP: 3/3
   215 | D:1      | Reached skill level 4 in Ice Magic
   263 | D:1      | Reached XP level 2. HP: 16/19 MP: 1/5
   329 | D:1      | Learned a level 2 spell: Throw Frost
  1269 | D:2      | Reached XP level 3. HP: 24/24 MP: 6/6
  1296 | D:2      | Learned a level 3 spell: Ozocubu's Armour
  1524 | D:2      | Found a white marble altar of Elyvilon.
  1576 | D:2      | Reached skill level 1 in Short Blades
  1950 | D:2      | Reached XP level 4. HP: 24/31 MP: 5/7
  2706 | D:3      | Reached skill level 1 in Long Blades
  2706 | D:3      | Reached XP level 5. HP: 28/36 MP: 3/9
  3135 | D:3      | Noticed Jessica
  3187 | D:3      | Killed Jessica
  3187 | D:3      | Reached XP level 6. HP: 12/42 MP: 10/10
  3440 | D:3      | Reached skill level 1 in Fighting
  3484 | D:3      | Noticed Grinder
  3487 | D:3      | Reached skill level 1 in Throwing
  3490 | D:3      | Paralysed by Grinder for 2 turns
  3497 | D:3      | HP: 2/43 [Grinder (4)]
  3510 | D:3      | Paralysed by Grinder for 3 turns
  3514 | D:3      | Paralysed by Grinder for 5 turns
  3517 | D:3      | Slain by Grinder

Skill      XL: |  1  2  3  4  5  6 |
---------------+-------------------+-----
Ice Magic      | 4 |  4.7
Short Blades   | 1 2 |  2.7
Stealth        | 2 |  2.0
Long Blades    | 1 3 |  3.3
Fighting       | 1 |  1.0
Throwing       | 1 |  1.0
Armour         | |  0.1
Dodging        | |  2.6
Spellcasting   | |  2.9
Conjurations   | |  1.1

Action                   |  1- 3 |  4- 6 || total
-------------------------+-------+-------++-------
Melee: Unarmed           |     2 |       ||     2
       Short sword       |    59 |     6 ||    65
       Dagger            |     5 |       ||     5
       Falchion          |       |    67 ||    67
Throw: Stone             |       |     7 ||     7
 Cast: Freeze            |    18 |    19 ||    37
       Throw Frost       |    13 |    18 ||    31
  Use: Scroll            |     3 |     3 ||     6
       Potion            |     1 |     6 ||     7
 Stab: Sleeping          |     2 |       ||     2
  Eat: Chunk             |     5 |     6 ||    11
Armor: Robe              |    15 |     9 ||    24
       Leather armour    |       |    23 ||    23
Dodge: Dodged            |    55 |    58 ||   113
       Rpst.: Falchion   |       |    11 ||    11
